Map: Dusk Towers

Players

Straylight

  • Race: Protoss Protoss
  • League: Diamond

LilDicky - Winner!

  • Race: Terran Terran
  • League: Diamond

VOD

http://www.twitch.tv/tumescentpie

Description

Time

  • Played on: Dec. 26, 2015, 8:07 p.m.
  • Length: 7:20
Show
View Real Time Build Order
Export as new Build Order

Straylight Protoss 

Build Orders: 1 Gate Expand 

Get SALT Encoding   

  12  0:00  Probe (Chrono Boost)  
  13  0:11  Probe (Chrono Boost)  
  14  0:17  Pylon  
  14  0:24  Probe (Chrono Boost)  
  15  0:39  Gateway  
  15  0:40  Probe (Chrono Boost)  
  16  0:50  Probe (Chrono Boost)  
  17  1:01  Probe (Chrono Boost)  
  18  1:11  Probe (Chrono Boost)  
  19  1:20  Nexus  
  19  1:32  Cybernetics Core  
  19  1:36  Assimilator  
  19  1:43  Probe (Chrono Boost)  
  20  1:47  Assimilator  
  21  1:54  Probe (Chrono Boost)  
  21  2:02  Pylon  
  20  2:09  Gateway  
  20  2:12  Probe (Chrono Boost)  
  21  2:20  Adept  
  21  2:22  Warp Gate  
  23  2:23  Probe (Chrono Boost)  
  24  2:33  Probe x2 (Chrono Boost)  
  26  2:43  Probe (Chrono Boost), Pylon  
  28  2:44  Probe (Chrono Boost)  
  28  2:55  Mothership Core (Chrono Boost)  
  30  2:59  Forge  
  30  3:04  Stalker  
  32  3:10  Pylon  
  32  3:25  Stalker  
  32  3:39  Photon Cannon  
  32  3:43  Adept  
  34  3:56  Probe x2 (Chrono Boost)  
  36  4:08  Adept  
  38  4:11  Probe x2 (Chrono Boost)  
  38  4:16  Robotics Facility  
  40  4:21  Probe x2 (Chrono Boost)  
  41  4:29  Protoss Ground Weapons Level 1 (Chrono Boost)  
  41  4:32  Probe x2 (Chrono Boost)  
  43  4:39  Gateway  
  43  4:43  Assimilator  
  43  4:46  Assimilator  
  43  4:57  Probe (Chrono Boost)  
  43  4:59  Probe (Chrono Boost), Gateway  
  45  5:01  Gateway  
  45  5:04  Observer (Chrono Boost)  
  46  5:18  Probe  
  46  5:20  Probe  
  48  5:23  Warp Prism  
  50  5:40  Stalker x2  
  50  6:05  Adept  
  50  6:06  Adept x2  
  50  6:09  Probe  
  50  6:10  Probe  
  52  6:18  Adept  
  54  6:30  Probe  
  54  6:31  Probe  
  54  6:35  Adept  
  54  6:44  Pylon  
  50  6:50  Pylon  
  47  6:57  Pylon  
  47  6:58  Pylon  
  47  6:59  Pylon  
Show
View Real Time Build Order
Export as new Build Order

LilDicky Terran - Winner!

Build Orders: MMM Bio 

Get SALT Encoding   

  12  0:01  SCV  
  13  0:13  SCV  
  14  0:18  Supply Depot  
  14  0:25  SCV  
  14  0:28  Refinery  
  15  0:40  SCV  
  16  0:47  Barracks  
  16  0:53  SCV  
  17  1:06  SCV  
  18  1:18  SCV  
  19  1:30  SCV  
  20  1:34  Marine  
  20  1:38  Supply Depot  
  21  1:40  Factory  
  21  1:43  Orbital Command  
  21  1:54  Marine  
  22  2:06  Barracks  
  22  2:10  Barracks  
  22  2:18  SCV, Barracks Reactor  
  23  2:27  Refinery  
  23  2:35  SCV  
  24  2:40  Supply Depot  
  24  2:44  Widow Mine  
  24  2:48  SCV  
  27  2:57  Barracks Tech Lab x2  
  27  3:00  SCV, Marine x2  
  30  3:11  Supply Depot  
  30  3:12  SCV  
  30  3:18  Starport  
  30  3:22  Widow Mine  
  32  3:28  Stimpack  
  32  3:29  Marine  
  32  3:30  Marine  
  32  3:31  Marine  
  35  3:34  SCV  
  36  3:49  Combat Shields, Marine x2  
  36  3:50  Marine x2  
  40  4:04  Medivac  
  40  4:07  Marine  
  40  4:09  Supply Depot  
  43  4:13  Marine  
  43  4:15  Marauder  
  46  4:22  Marauder  
  48  4:30  Marine  
  48  4:31  Marine  
  50  4:41  Supply Depot  
  50  4:42  Marine, Medivac  
  50  4:43  Marine  
  54  4:50  Marine x2  
  56  4:55  SCV  
  56  4:58  Supply Depot  
  57  5:00  Marine  
  58  5:08  Concussive Shells  
  58  5:12  Marauder  
  58  5:13  Marine x2  
  60  5:14  SCV  
  60  5:19  Medivac  
  63  5:26  SCV  
  63  5:28  Marine  
  63  5:38  SCV  
  59  5:59  Marine x2  
  59  6:00  Marauder  
  53  6:13  Marine  
  53  6:17  Marine x2  
  56  6:22  Marauder  
  56  6:31  Marine  
  57  6:35  Marine x2  
  57  6:38  SCV  
  60  6:42  Marine  
  58  6:48  Marine  
  58  6:53  Marine x2  
Tags
 
Add a new tag
Caveats
  • Supply blocks, unpowered buildings, or Contaminate may cause inaccurate times.
  • Supply counts are checked every 10 seconds.